 Dungeon Crawl Stone Soup version 0.23.1-38-g628c18f (webtiles) character file.

Game seed: 12528631712372860479

305 Borgoz the Cutter (level 6, -3/37 HPs)
             Began as a Gargoyle Gladiator on Mar 28, 2019.
             Was an Initiate of Ashenzari.
             Killed by divine providence
             ... invoked by an orc priest
              (12 damage)
             ... on level 3 of the Dungeon.
             The game lasted 00:03:18 (2071 turns).

Borgoz the Cutter (Gargoyle Gladiator)              Turns: 2071, Time: 00:03:19

Health: -3/37      AC:  9    Str: 17    XL:     6   Next: 39%
Magic:  0/6        EV: 13    Int:  9    God:    Ashenzari [......]
Gold:   139        SH:  0    Dex: 13    Spells: 5/5 levels left

rFire    . . .     SeeInvis .   a - +0 rapier
rCold    . . .     Gourm    .   (no shield)
rNeg     + . .     Faith    .   b - +0 leather armour
rPois    ∞         Spirit   +   r - +1 helmet
rElec    +         Reflect  .   (no cloak)
rCorr    .         Harm     .   (no gloves)
MR       .....                  (no boots)
Stlth    +.........             i - amulet of guardian spirit
HPRegen  0.12/turn              (no ring)
MPRegen  0.10/turn              (no ring)

@: no status effects
A: negative energy resistance 1, electricity resistance, unbreathing,
petrification resistance, rot immunity, AC +4
a: Curse Item, Renounce Religion


You were on level 3 of the Dungeon.
You worshipped Ashenzari.
Ashenzari was noncommittal.
You were not hungry.

You visited 1 branch of the dungeon, and saw 3 of its levels.

You collected 139 gold pieces.

Inventory:

Hand Weapons
 a - a +0 rapier (weapon)
Missiles
 d - 3 throwing nets (quivered)
Armour
 b - a +0 leather armour (worn)
 r - a +1 helmet (worn)
Jewellery
 i - an amulet of guardian spirit (around neck)
Scrolls
 e - a scroll of random uselessness {unknown}
 k - 5 scrolls of identify {unknown}
 m - 2 scrolls of fear {unknown}
 n - 2 scrolls of magic mapping {unknown}
 o - a scroll of teleportation {unknown}
 s - 2 scrolls of remove curse
 t - a scroll of enchant armour {unknown}
Potions
 c - a potion of degeneration {unknown}
 g - a potion of curing
 h - a potion of haste {unknown}
 j - a potion of heal wounds {unknown}
 l - a potion of agility {unknown}
 p - a potion of magic {unknown}
Comestibles
 f - 11 rations
 q - 2 chunks of flesh


   Skills:
 + Level 3.3 Fighting
 * Level 3.9 Short Blades
 + Level 2.6 Throwing
 * Level 3.1 Armour
 * Level 3.4 Dodging


You had 5 spell levels left.
You didn't know any spells.
Your spell library was empty.

Dungeon Overview and Level Annotations

Branches:
Dungeon (3/15)

Altars:
Ashenzari


Innate Abilities, Weirdness & Mutations

You are resistant to torment.
Your stone body is resilient. (AC +4)
You are immune to poison.
You resist negative energy. (rN+)
You are resistant to electric shocks. (rElec)
You can survive without breathing.
You are immune to petrification.
You are immune to rotting.


Message History

Beogh smites you!
You hit the orc.
You kill the orc!
The orc priest invokes the aid of Beogh against you.
Pain shoots through your body!
You hit the hobgoblin.
The hobgoblin is severely wounded.
The orc priest looks encouraged for a moment.
The hobgoblin hits you but does no damage.
You hit the hobgoblin but do no damage.
The hobgoblin is severely wounded.
The orc priest mumbles some strange prayers to Beogh against you.
Beogh smites you!
* * * LOW HITPOINT WARNING * * *
The hobgoblin hits you but does no damage.
You barely miss the hobgoblin.
The hobgoblin is severely wounded.
The orc priest calls down the wrath of Beogh upon you.
Beogh smites you!
You die...

####### ≈≈≈≈≈≈≈
≈≈≈≈... ≈≈≈....
≈≈....≈ ≈......
###≈.(....
#.@gK.≈..≈ ###
#.#≈w..... #.^
#.#≈o..... #..
#.#≈≈....≈ #..
#.#≈≈≈.[.. #..
####.#≈≈≈≈... #..
#....#≈≈≈≈≈≈≈ ###
#<..###############
#...## #.##.####


You could see a worm, an orc priest, a hobgoblin and a kobold.

Vanquished Creatures
  An ogre (D:3)
  A hound (D:3)
  An orc wizard (D:3)
  8 adders
  3 worms (D:2)
  3 dart slugs
  A leopard gecko (D:1)
  8 orcs (D:3)
  2 giant cockroaches
  10 goblins
  4 hobgoblins
  2 jackals (D:1)
  2 quokkas
  7 bats
  4 frilled lizards
  8 kobolds
  9 rats
74 creatures vanquished.

Notes
Turn   | Place    | Note
-------+----------+-------------------------------------------
     0 | D:1      | Borgoz the Gargoyle Gladiator began the quest for the Orb.
     0 | D:1      | Reached XP level 1. HP: 12/12 MP: 1/1
    84 | D:1      | Reached XP level 2. HP: 13/17 MP: 2/2
   427 | D:1      | Reached skill level 1 in Armour
   640 | D:1      | Reached XP level 3. HP: 22/22 MP: 3/3
  1172 | D:2      | Reached XP level 4. HP: 21/27 MP: 4/4
  1342 | D:2      | Found a shattered altar of Ashenzari.
  1461 | D:2      | Became a worshipper of Ashenzari the Shackled
  1567 | D:3      | Reached XP level 5. HP: 21/32 MP: 5/5
  1703 | D:3      | Noticed an ogre
  1713 | D:3      | Killed an ogre
  1713 | D:3      | Reached XP level 6. HP: 29/37 MP: 3/6
  2071 | D:3      | Killed from afar by an orc priest

Skill      XL: |  1  2  3  4  5  6 |
---------------+-------------------+-----
Armour         | 1 2 3 |  3.1
Short Blades   | 3 |  3.9
Throwing       | 2 |  2.6
Dodging        | 3 |  3.4
Fighting       | 3 |  3.3

Action                   |  1- 3 |  4- 6 || total
-------------------------+-------+-------++-------
Melee: Rapier            |   134 |   155 ||   289
  Use: Potion            |       |     2 ||     2
 Stab: Sleeping          |       |     1 ||     1
  Eat: Chunk             |     1 |     3 ||     4
Armor: Leather armour    |    58 |    72 ||   130
Dodge: Dodged            |    94 |    90 ||   184
